 Dungeon Crawl Stone Soup version 0.22-a0-782-g038298e (webtiles) character file.

198 Hebeh the Conjurer (level 5, -1/28 HPs)
             Began as a Deep Elf Conjurer on July 20, 2018.
             Slain by a worker ant (6 damage)
             ... on level 3 of the Dungeon.
             The game lasted 00:11:41 (3837 turns).

Hebeh the Conjurer (Deep Elf Conjurer)              Turns: 3837, Time: 00:11:42

Health: -1/28      AC:  4    Str:  5    XL:     5   Next: 47%
Magic:  0/14       EV: 13    Int: 21    God:
Gold:   136        SH:  0    Dex: 15    Spells: 3/14 levels left

rFire    . . .     SeeInvis .   b - +0 hunting sling
rCold    . . .     Gourm    .   (no shield)
rNeg     . . .     Faith    .   v - +0 robe
rPois    .         Spirit   .   (no helmet)
rElec    .         Reflect  .   s - +0 cloak
rCorr    .         Harm     .   (no gloves)
MR       .....                  n - +0 pair of boots
Stlth    ++........             (no amulet)
HPRegen  0.09/turn              (no ring)
MPRegen  0.14/turn              (no ring)

@: no status effects
A: no striking features
a: no special abilities


You were on level 3 of the Dungeon.
You were not hungry.

You visited 1 branch of the dungeon, and saw 4 of its levels.

You collected 136 gold pieces.

Inventory:

Hand Weapons
 a - a +1 short sword of speed
 b - a +0 hunting sling (weapon)
Missiles
 d - 61 arrows
 g - 108 stones
 k - 34 sling bullets (quivered)
Armour
 n - a +0 pair of boots (worn)
 s - a +0 cloak (worn)
 v - a +0 robe (worn)
Wands
 u - a wand of disintegration (15)
Scrolls
 h - 3 scrolls of identify {unknown}
 j - a scroll of amnesia {unknown}
 o - 2 scrolls of magic mapping {unknown}
 t - a scroll of enchant armour {unknown}
 w - 2 scrolls of teleportation {unknown}
 x - a scroll of blinking {unknown}
 y - a scroll of random uselessness {unknown}
Potions
 e - a potion of agility {unknown}
 f - 3 potions of curing {unknown}
 l - a potion of degeneration {unknown}
 m - 4 potions of heal wounds {unknown}
 p - 3 potions of might {unknown}
 q - a potion of invisibility {unknown}
 z - 2 potions of flight {unknown}
Comestibles
 c - 10 rations


   Skills:
 - Level 2.4 Dodging
 - Level 2.4 Stealth
 * Level 5.1 Spellcasting
 * Level 6.5 Conjurations
 + Level 0.5 Translocations


You had 3 spell levels left.
You knew the following spells:

 Your Spells              Type           Power        Failure   Level  Hunger
a - Magic Dart            Conj           ####         1%          1    None
b - Iskenderun's Mystic   Conj           ####....     8%          4    ####...
c - Searing Ray           Conj           ####..       1%          2    None
d - Force Lance           Conj/Tloc      ###.....     24%         4    ####...

Your spell library contained the following spells:

 Spells                   Type           Power        Failure   Level  Hunger
 Fulminant Prism          Conj/Hex       ###.......   28%         4    ####...
 Dazzling Spray           Conj/Hex       ###...       9%          3    ##.....


Dungeon Overview and Level Annotations

Branches:
Dungeon (4/15)
 Temple: D:4-7

Altars:
Kikubaaqudgha


Message History

You climb upwards.
There is a stone staircase leading down here.
Casting: Magic Dart (safe; 1% risk of failure)
Confirm with . or Enter, or press ? or * to list all spells.
Aiming: Searing Ray (safe; 1% risk of failure)
Press: ? - help, Shift-Dir - straight line, f - worker ant
Aim: a worker ant The searing ray hits the worker ant.
The worker ant is lightly wounded. (Press . to maintain the ray.)
The worker ant bites you.
The searing ray hits the worker ant.
The worker ant is heavily wounded.
The worker ant barely misses you.
The searing ray misses the worker ant.
The worker ant bites you.
* * * LOW HITPOINT WARNING * * *
Without enough magic to sustain it, your searing ray dissipates.
The worker ant closely misses you. The worker ant bites you.
You die...

####.# #.# #...)#
#.# #.#### #.#
#.# #.# #.# #.#
#.# #.# #.# #.#
#.# ###.### #.#
#..@a.#
##.########.###.#
#...........# #.#
#..########.###.#
#..# #.....#
####..# #######
......# .....##
######


You could see a worker ant.

Vanquished Creatures
  Crazy Yiuf (D:3)
  5 adders
  5 oozes
  A worm (D:2)
  A dart slug (D:1)
  4 leopard geckos
  8 orcs
  6 bats
  5 giant cockroaches
  6 goblins
  8 hobgoblins
  7 jackals (D:1)
  7 kobolds
  A quokka (D:2)
  3 ball pythons
  4 frilled lizards
  9 rats
81 creatures vanquished.

Notes
Turn   | Place    | Note
-------+----------+-------------------------------------------
     0 | D:1      | Hebeh the Deep Elf Conjurer began the quest for the Orb.
     0 | D:1      | Reached XP level 1. HP: 10/10 MP: 6/6
    91 | D:1      | Reached XP level 2. HP: 4/15 MP: 0/8
   380 | D:1      | Reached skill level 5 in Conjurations
   587 | D:1      | Reached XP level 3. HP: 19/19 MP: 7/10
   591 | D:1      | Learned a level 2 spell: Searing Ray
  1307 | D:2      | Found an ancient bone altar of Kikubaaqudgha.
  1566 | D:2      | Reached XP level 4. HP: 24/24 MP: 6/12
  2158 | D:2      | Reached skill level 6 in Conjurations
  2806 | D:3      | Found a runed door.
  3016 | D:3      | Reached XP level 5. HP: 11/28 MP: 4/14
  3283 | D:3      | Learned a level 4 spell: Iskenderun's Mystic Blast
  3288 | D:3      | Learned a level 4 spell: Force Lance
  3640 | D:3      | Noticed Crazy Yiuf
  3643 | D:3      | Killed Crazy Yiuf
  3643 | D:3      | Reached skill level 5 in Spellcasting
  3837 | D:3      | Slain by a worker ant

Vault maps used:
D:1:      scummos_arrival_star
D:2:      kiku_gazebo_garden_becter
D:3:      first_ration, uniq_crazy_yiuf_cottage

Skill      XL: |  1  2  3  4  5 |
---------------+----------------+-----
Conjurations   | 5 6 |  6.5
Spellcasting   | 4 5 |  5.1
Dodging        | |  2.4
Stealth        | |  2.4
Translocations | |  0.5

Action                   |  1- 3 |  4- 6 || total
-------------------------+-------+-------++-------
Melee: Short sword       |       |     1 ||     1
 Cast: Magic Dart        |    89 |    76 ||   165
       Searing Ray       |     1 |     2 ||     3
       Iskenderun's Myst |       |     5 ||     5
  Eat: Chunk             |     2 |     7 ||     9
Armor: Robe              |       |     9 ||     9
Dodge: Dodged            |     8 |    14 ||    22

Table legend:
 A = Spawn XP
 B = Non-spawn XP
 C = Spawn XP percentage of total XP
 D = Spawn monster count
 E = Non-spawn monster count
 F = Spawn count percentage of total count
 G = Total turns spent on level
                    A         B        C        D         E        F      G
               +---------+---------+-------+---------+---------+-------+---------
         Total |       0 |     284 |   0.0 |       0 |      81 |   0.0 |  3837
               +---------+---------+-------+---------+---------+-------+---------
           D:1 |       0 |      61 |   0.0 |       0 |      27 |   0.0 |  1213
           D:2 |       0 |      89 |   0.0 |       0 |      27 |   0.0 |  1182
           D:3 |       0 |     128 |   0.0 |       0 |      25 |   0.0 |  1390
           D:4 |       0 |       6 |   0.0 |       0 |       2 |   0.0 |    52
               +---------+---------+-------+---------+---------+-------+---------
